 Dungeon Crawl Stone Soup version 0.26-a0-612-gd4d190f45e (webtiles) character file.

Game seed: 9139077493971220216

81879 Gargoyl the Fighter (level 15, -1/108 HPs)
             Began as a Gnoll Abyssal Knight on Sept 8, 2020.
             Was the Champion of Lugonu.
             Killed by divine providence
             ... invoked by a meliai
              (14 damage)
             ... on level 15 of the Dungeon on Sept 9, 2020.
             The game lasted 00:46:27 (31983 turns).

Gargoyl the Fighter (Gnoll Abyssal Knight)         Turns: 31983, Time: 00:46:27

Health: -1/108     AC: 22    Str: 20      XL:     15   Next: 71%
Magic:  29/29      EV: 13    Int: 16 (17) God:    Lugonu [******]
Gold:   1652       SH:  9    Dex: 12 (15) Spells: 34/34 levels left

rFire    . . .     SeeInvis .   m - +4 flail (drain)
rCold    + . .     Faith    .   b - +3 buckler
rNeg     . . .     Spirit   .   g - +0 chain mail "Cusecoum" {rElec}
rPois    .         Reflect  .   c - +2 helmet
rElec    +         Harm     .   F - scarf {repulsion}
rCorr    .                      s - +2 pair of gloves
MR       ++...                  f - +2 pair of boots
Stlth    +.........             C - amulet of regeneration
HPRegen  1.08/turn              k - ring of protection from cold
MPRegen  0.21/turn              r - ring of protection from magic

@: lethally poisoned (-1 -> -2), repel missiles
A: distributed training, fangs 1, hooves 1, clever 1, deterioration 1, frail 1,
regeneration 1, wild magic 1, strong nose
a: Depart the Abyss, Bend Space, Banish, Corrupt, Enter the Abyss, Brand Weapon
With Distortion, Renounce Religion


You were on level 15 of the Dungeon.
You worshipped Lugonu.
Lugonu was exalted by your worship.
You visited 2 branches of the dungeon, and saw 21 of its levels.
You visited the Abyss 2 times.
You also visited: Gauntlet.

You collected 1652 gold pieces.

Inventory:

Hand Weapons
 m - a +4 flail of draining (weapon)
 n - a +1 war axe
Missiles
 h - 26 boomerangs
 H - 26 silver javelins (quivered)
Armour
 b - a +3 buckler (worn)
 c - a +2 helmet (worn)
 f - a +2 pair of boots (worn)
 g - the +0 chain mail "Cusecoum" (worn) {rElec}
   (You found it on level 4 of the Dungeon)

   It insulates you from electricity.
 s - a +2 pair of gloves (worn)
 F - a scarf of repulsion (worn)
 M - the +1 chain mail "Poanwov" {rCorr Int+4}
   (You found it on level 4 of the Lair of Beasts)

   It affects your intelligence (+4).
   It provides partial protection from all sources of acid and corrosion.
Jewellery
 k - a ring of protection from cold (left hand)
 o - an uncursed amulet of reflection
 r - a ring of protection from magic (right hand)
 y - a cursed ring of positive energy
 A - an uncursed ring of protection from cold
 C - an amulet of regeneration (around neck)
 L - an uncursed ring of see invisible
 O - an uncursed ring of flight
 R - an uncursed ring of resist corrosion
 T - an uncursed ring of resist corrosion
Wands
 a - a wand of iceblast (7)
 q - a wand of random effects (12)
 v - a wand of digging (8)
Scrolls
 e - a scroll of identify
 j - 2 scrolls of teleportation
 p - 13 scrolls of remove curse
 u - 4 scrolls of magic mapping
 J - 3 scrolls of fear
 N - a scroll of blinking
Potions
 d - 7 potions of curing
 t - a potion of flight
 w - 2 potions of stabbing
 z - 3 potions of brilliance
 B - 2 potions of might
 D - 2 potions of haste
 G - 3 potions of mutation
 K - a potion of magic
 P - 2 potions of ambrosia
 W - 2 potions of resistance
Miscellaneous
 U - a lightning rod (4/4)


   Skills:
 + Level 11.9 Fighting
 + Level 10.2 Short Blades
 + Level 10.2 Long Blades
 + Level 11.1 Axes
 + Level 10.2 Maces & Flails
 + Level 10.2 Polearms
 + Level 10.2 Staves
 + Level 10.2 Slings
 + Level 10.2 Bows
 + Level 10.2 Crossbows
 + Level 10.2 Throwing
 + Level 11.1 Armour
 + Level 10.5 Dodging
 + Level 10.2 Stealth
 + Level 10.2 Shields
 + Level 10.2 Unarmed Combat
 + Level 10.2 Spellcasting
 + Level 8.6 Conjurations
 + Level 8.6 Hexes
 + Level 8.6 Summonings
 + Level 8.6 Necromancy
 + Level 8.6 Translocations
 + Level 8.6 Transmutations
 + Level 8.6 Fire Magic
 + Level 8.6 Ice Magic
 + Level 8.6 Air Magic
 + Level 8.6 Earth Magic
 + Level 8.6 Poison Magic
 + Level 11.9 Invocations
 + Level 10.2 Evocations


You had 34 spell levels left.
You didn't know any spells.
Your spell library contained the following spells:

 Spells                   Type           Power        Failure   Level
 Beastly Appendage        Tmut           #####.       3%          1
 Freeze                   Ice            ####         3%          1
 Wereblood                Tmut           #####...     4%          2
 Frozen Ramparts          Ice            #####.       8%          3
 Ozocubu's Armour         Ice            #####...     8%          3
 Spider Form              Tmut/Pois      #####.....   8%          3
 Animate Dead             Necr           #####.....   22%         4
 Hailstorm                Conj/Ice       #####...     22%         4
 Ice Form                 Ice/Tmut       #####...     22%         4
 Summon Ice Beast         Ice/Summ       #####...     22%         4
 Summon Lightning Spire   Summ/Air       #####...     22%         4
 Blade Hands              Tmut           #####.....   50%         5
 Borgnjor's Vile Clutch   Necr/Erth      #####.....   50%         5
 Silence                  Hex/Air        #####.....   50%         5
 Conjure Ball Lightning   Conj/Air       #####.....   96%         6
 Death Channel            Necr           #####.....   96%         6
 Simulacrum               Ice/Necr       #####.....   96%         6
 Chain Lightning          Conj/Air       #####.....   100%        8
 Lehudib's Crystal Spear  Conj/Erth      #####.....   100%        8
 Absolute Zero            Ice            #####.....   100%        9
 Fire Storm               Conj/Fire      #####.....   100%        9
 Tornado                  Air            #####.....   100%        9


Dungeon Overview and Level Annotations

Branches:
Dungeon (15/15)            Temple (0/1) D:6            Lair (6/6) D:11
 Shoals (0/4) Lair:2        Snake (0/4) Lair:2        Slime (0/5) Lair:6
    Orc (0/2) D:10         Vaults (0/5) D:13         Depths (0/5) D:15
Gauntlet (visited)

Altars:
Cheibriados
Fedhas
Kikubaaqudgha
Nemelex Xobeh
Okawaru
Qazlal
Ru
Trog
Wu Jian
Xom
Zin
The Shining One

Shops:
D:5 (

Portals:
Trove: D:11 (give 12 potions of heal wounds)

Annotations:
Abyss:1 utbildad's ghost, novice DsWr


Innate Abilities, Weirdness & Mutations

Your experience applies equally to all skills.
You have very sharp teeth.
Your uncanny sense of smell can sniff out nearby items.
You have large cloven feet.
Your mind is acute. (Int +2)
Your body sometimes deteriorates upon taking damage.
You are frail. (-10% HP)
Your natural rate of healing is unusually fast.
Your spells are a little harder to cast, but a little more powerful.


Message History

The meliai invokes the aid of its god against you.
Something smites you!
You feel sick. The meliai barely misses you. x2
The meliai mumbles some strange prayers to its god against you.
Something smites you!
Your body deteriorates!
You feel dopey.
You feel sick.
The meliai mumbles some strange prayers to its god against you.
Something smites you!
* * * LOW HITPOINT WARNING * * *
The meliai mumbles some strange prayers to its god against you.
Something smites you!
* * * LOW HITPOINT WARNING * * *
Press: ? - help, Dir - move target cursor
As you read the scroll of blinking, it crumbles to dust.
You feel sick.
You feel sick.
The meliai calls down the wrath of its god upon you.
Something smites you!
You die...

#.##.# #.......... #.##.#
#..........
#.##.######'##....#'
#...........#..(..#.
##+##..#####.#.......
#....y..y.y..H.......
#....#.#####.#.......
#...y#.# #.#.......
####@#.# #.###..... #<#.#
##.###..... #.#.#
#.......... #########.#.#
#.......... #.........#.#
#......∩.##
#.#########.####..........
#.# #.)...))).........#
#.# ####.#..####.....).#.#
#.# #........# ######....#


You could see 2 meliai.

Vanquished Creatures
  An ironheart preserver (D:13)
  A minotaur (Gauntlet)
  A fire dragon (D:15)
  An ogre mage (D:15)
  5 hydras
  A catoblepas (Lair:3)
  A centaur warrior (D:14)
  13 two-headed ogres
  Erica (D:8)
  3 death yaks
  2 tengu warriors (D:14)
  Sonja (D:11)
  A wretched star (Gauntlet)
  An unseen horror (D:9)
  A wizard (D:15)
  A lindwurm (Lair:6)
  2 wolf spiders (Lair:6)
  A cyclops (D:11)
  5 ugly things
  4 centaur zombies
  An ice statue (Gauntlet)
  5 elephants
  3 manticores
  12 black mambas
  2 gargoyles
  A guardian serpent (Lair:5)
  An eye of devastation (Gauntlet)
  14 cane toads
  2 centaur skeletons
  2 rime drakes
  9 komodo dragons
  A kobold demonologist (D:13)
  A wolf spider simulacrum (D:15)
  4 trolls
  2 polar bears
  A meliai (shapeshifter) (D:15)
  A raiju (shapeshifter) (D:14)
  2 meliai (D:14)
  11 hippogriffs
  2 hornets (Lair:6)
  20 blink frogs
  5 slime creatures
  10 flying skulls (Gauntlet)
  2 shadows
  5 redbacks
  29 yaks
  A water elemental (D:15)
  16 wyverns
  2 wraiths
  A vampire (D:15)
  A neqoxec (Gauntlet)
  15 vampire mosquitoes
  2 basilisks
  An acid dragon (D:12)
  20 water moccasins
  A floating eye (Gauntlet)
  7 orc warriors
  16 porcupines
  5 ice beasts
  5 sky beasts
  2 necrophages (D:7)
  A sky beast (shapeshifter) (D:14)
  A boggart (D:15)
  A black bear (D:7)
  An eye of draining (D:8)
  A phantom (D:4)
  4 wolves
  9 ogres
  19 centaurs
  12 crocodiles
  4 big kobolds
  18 bullfrogs
  A small abomination (Gauntlet)
  A wyvern skeleton (D:8)
  3 scorpions
  14 wights
  3 howler monkeys
  21 killer bees
  3 electric eels
  A bullfrog zombie (D:10)
  14 jellies
  2 quasits
  9 orc priests
  A gnoll shaman (D:8)
  8 hounds
  3 bullfrog skeletons
  2 iguanas
  18 orc wizards
  15 worker ants
  A killer bee zombie (D:10)
  A hound zombie (D:5)
  A hound skeleton (D:4)
  A worker ant zombie (D:5)
  11 adders
  8 gnolls
  A shadow imp (D:9)
  A white imp (D:8)
  2 ufetubi
  4 oozes
  An adder zombie (D:8)
  2 worms (D:4)
  A dart slug (D:2)
  6 leopard geckos
  72 orcs
  6 bats
  15 giant cockroaches
  7 hobgoblins
  2 jackals (D:4)
  4 quokkas
  7 ball pythons
  5 frilled lizards
  A giant cockroach zombie (D:5)
  7 goblins
  2 jackal zombies
  22 kobolds
  A leopard gecko skeleton (D:5)
  9 rats
681 creatures vanquished.

Vanquished Creatures (collateral kills)
  3 slime creatures (D:13)
  A raiju (shapeshifter) (D:13)
  A vampire mosquito (D:13)
  A bullfrog zombie (D:13)
6 creatures vanquished.

Vanquished Creatures (others)
  A dire elephant (Gauntlet)
  An obsidian statue (Gauntlet)
  A wizard (D:6)
  2 elephants (Gauntlet)
  A rime drake (Gauntlet)
  A kobold (D:11)
  46 fungi
  84 plants
  5 withered plants (D:7)
142 creatures vanquished.

Grand Total: 829 creatures vanquished

Notes
Turn   | Place    | Note
-------+----------+-------------------------------------------
     0 | Abyss:1  | Gargoyl the Gnoll Abyssal Knight began the quest for the
                  | Orb.
     0 | Abyss:1  | Reached XP level 1. HP: 23/23 MP: 3/3
    38 | Abyss:1  | Noticed a worldbinder
    42 | Abyss:1  | Noticed a tarantella
    42 | Abyss:1  | Noticed a jumping spider
    44 | D:1      | Escaped the Abyss
   560 | D:1      | Reached XP level 2. HP: 29/29 MP: 5/5
   985 | D:1      | Reached * piety under Lugonu
   994 | D:1      | Reached XP level 3. HP: 4/35 MP: 6/6
   995 | D:1      | HP: 1/35 [giant cockroach (1)]
  1613 | D:2      | Reached skill level 1 in Short Blades
  1613 | D:2      | Reached skill level 1 in Long Blades
  1613 | D:2      | Reached skill level 1 in Maces & Flails
  1613 | D:2      | Reached skill level 1 in Polearms
  1613 | D:2      | Reached skill level 1 in Staves
  1613 | D:2      | Reached skill level 1 in Slings
  1613 | D:2      | Reached skill level 1 in Bows
  1613 | D:2      | Reached skill level 1 in Crossbows
  1613 | D:2      | Reached skill level 1 in Throwing
  1613 | D:2      | Reached skill level 1 in Stealth
  1613 | D:2      | Reached skill level 1 in Shields
  1613 | D:2      | Reached skill level 1 in Unarmed Combat
  1613 | D:2      | Reached skill level 1 in Spellcasting
  1613 | D:2      | Reached skill level 1 in Evocations
  1613 | D:2      | Reached XP level 4. HP: 41/41 MP: 7/7
  1979 | D:2      | Reached ** piety under Lugonu
  2111 | D:2      | Reached skill level 1 in Conjurations
  2111 | D:2      | Reached skill level 1 in Hexes
  2111 | D:2      | Reached skill level 1 in Summonings
  2111 | D:2      | Reached skill level 1 in Necromancy
  2111 | D:2      | Reached skill level 1 in Translocations
  2111 | D:2      | Reached skill level 1 in Transmutations
  2111 | D:2      | Reached skill level 1 in Fire Magic
  2111 | D:2      | Reached skill level 1 in Ice Magic
  2111 | D:2      | Reached skill level 1 in Air Magic
  2111 | D:2      | Reached skill level 1 in Earth Magic
  2111 | D:2      | Reached skill level 1 in Poison Magic
  2419 | D:3      | Reached XP level 5. HP: 40/47 MP: 8/8
  2889 | D:3      | Noticed an ice beast
  2890 | D:3      | Reached skill level 5 in Invocations
  2890 | D:3      | Reached XP level 6. HP: 41/53 MP: 9/9
  2960 | D:3      | Killed an ice beast
  2960 | D:3      | Reached skill level 5 in Axes
  2960 | D:3      | Reached skill level 5 in Armour
  3416 | D:4      | Reached *** piety under Lugonu
  3417 | D:4      | Found an ornate altar of the Wu Jian Council.
  3551 | D:4      | Reached XP level 7. HP: 50/59 MP: 10/10
  3564 | D:4      | Found an iron altar of Okawaru.
  3793 | D:4      | Got a faintly humming chain mail
  3804 | D:4      | Identified the +0 chain mail "Cusecoum" {rElec} (You found
                  | it on level 4 of the Dungeon)
  4256 | D:5      | Entered Level 5 of the Dungeon
  4311 | D:5      | Found a runed translucent gate.
  4311 | D:5      | Found a runed translucent gate.
  4311 | D:5      | Found a runed translucent gate.
  4311 | D:5      | Noticed utbildad's ghost (novice DsWr)
  4323 | D:5      | Found Zeudghue's Antique Weapon Emporium.
  4648 | D:5      | Found an ancient bone altar of Kikubaaqudgha.
  4995 | D:5      | Reached XP level 8. HP: 37/67 MP: 12/12
  5355 | D:5      | Found a stormy altar of Qazlal.
  5749 | D:5      | Banished utbildad's ghost
  6110 | D:6      | Reached XP level 9. HP: 37/72 MP: 14/14
  6403 | D:6      | Found a staircase to the Ecumenical Temple.
  6538 | D:6      | Reached **** piety under Lugonu
  7065 | D:6      | Found a bloodstained altar of Trog.
  7068 | D:6      | Noticed a wizard
  7073 | D:6      | Killed a wizard
  7286 | D:7      | Reached skill level 5 in Dodging
  8378 | D:7      | Reached XP level 10. HP: 80/80 MP: 17/17
  8895 | D:8      | Found Xoet Aposae's Lightly-Used Armoury.
  8918 | D:8      | Reached skill level 5 in Short Blades
  8918 | D:8      | Reached skill level 5 in Long Blades
  8918 | D:8      | Reached skill level 5 in Maces & Flails
  8918 | D:8      | Reached skill level 5 in Polearms
  8918 | D:8      | Reached skill level 5 in Staves
  8918 | D:8      | Reached skill level 5 in Slings
  8918 | D:8      | Reached skill level 5 in Bows
  8918 | D:8      | Reached skill level 5 in Crossbows
  8918 | D:8      | Reached skill level 5 in Throwing
  8918 | D:8      | Reached skill level 5 in Stealth
  8918 | D:8      | Reached skill level 5 in Shields
  8918 | D:8      | Reached skill level 5 in Unarmed Combat
  8918 | D:8      | Reached skill level 5 in Spellcasting
  8918 | D:8      | Reached skill level 5 in Evocations
  9209 | D:8      | Noticed a two-headed ogre
  9233 | D:8      | Killed a two-headed ogre
 10130 | D:8      | Noticed Erica
 10155 | D:8      | Killed Erica
 10762 | D:8      | Found a blossoming altar of Fedhas.
 10764 | D:8      | Found a glowing golden altar of the Shining One.
 10927 | D:9      | Reached XP level 11. HP: 70/87 MP: 19/19
 11108 | D:9      | Found a sparkling altar of Nemelex Xobeh.
 11174 | D:9      | Found a glowing silver altar of Zin.
 11185 | D:9      | Noticed a two-headed ogre
 11202 | D:9      | Killed a two-headed ogre
 11440 | D:9      | Reached skill level 5 in Conjurations
 11440 | D:9      | Reached skill level 5 in Hexes
 11440 | D:9      | Reached skill level 5 in Summonings
 11440 | D:9      | Reached skill level 5 in Necromancy
 11440 | D:9      | Reached skill level 5 in Translocations
 11440 | D:9      | Reached skill level 5 in Transmutations
 11440 | D:9      | Reached skill level 5 in Fire Magic
 11440 | D:9      | Reached skill level 5 in Ice Magic
 11440 | D:9      | Reached skill level 5 in Air Magic
 11440 | D:9      | Reached skill level 5 in Earth Magic
 11440 | D:9      | Reached skill level 5 in Poison Magic
 12242 | D:10     | Entered Level 10 of the Dungeon
 12257 | D:10     | Noticed a two-headed ogre
 12281 | D:9      | Reached ***** piety under Lugonu
 12551 | D:9      | Killed an unseen horror
 12560 | D:9      | Banished a two-headed ogre
 13176 | D:10     | Noticed a manticore
 13190 | D:10     | Noticed a two-headed ogre
 13191 | D:10     | Killed a manticore
 13207 | D:10     | Killed a two-headed ogre
 13883 | D:10     | Found a staircase to the Orcish Mines.
 14403 | D:11     | Noticed a cyclops
 14417 | D:11     | Killed a cyclops
 14417 | D:11     | Reached XP level 12. HP: 38/96 MP: 22/22
 14664 | D:12     | Noticed a two-headed ogre
 15294 | D:11     | Found a portal to a secret trove of treasure.
 15473 | D:11     | Found a snail-covered altar of Cheibriados.
 15561 | D:11     | Found a staircase to the Lair.
 15581 | Lair:1   | Entered Level 1 of the Lair of Beasts
 16726 | Lair:1   | You fall into a shaft and drop 1 floor!
 16832 | Lair:1   | Noticed an eight-headed hydra
 16849 | Lair:1   | Killed an eight-headed hydra
 17240 | Lair:1   | Reached skill level 10 in Fighting
 17744 | Lair:2   | Found a staircase to the Shoals.
 18075 | Lair:2   | Found a staircase to the Snake Pit.
 18834 | Lair:2   | Reached XP level 13. HP: 45/103 MP: 24/24
 20471 | Lair:3   | Reached skill level 10 in Invocations
 21306 | Lair:4   | Gained mutation: You are agile. (Dex +2) [potion of
                  | mutation]
 21306 | Lair:4   | Gained mutation: Your spells are a little harder to cast,
                  | but a little more powerful. [potion of mutation]
 21306 | Lair:4   | Gained mutation: You are occasionally teleported next to
                  | monsters. [potion of mutation]
 21306 | Lair:4   | Gained mutation: Your natural rate of healing is unusually
                  | fast. [potion of mutation]
 21307 | Lair:4   | Lost mutation: You are agile. (Dex +2) [potion of mutation]
 21307 | Lair:4   | Lost mutation: You are occasionally teleported next to
                  | monsters. [potion of mutation]
 21307 | Lair:4   | Gained mutation: Your mind is acute. (Int +2) [potion of
                  | mutation]
 21307 | Lair:4   | Gained mutation: You have large cloven feet. [potion of
                  | mutation]
 22489 | Lair:4   | Got a smoking chain mail
 22490 | Lair:4   | Identified the +1 chain mail "Poanwov" {rCorr Int+4} (You
                  | found it on level 4 of the Lair of Beasts)
 22947 | Lair:5   | Found a shimmering altar of Xom.
 23013 | Lair:5   | Reached ****** piety under Lugonu
 23343 | Lair:6   | Entered Level 6 of the Lair of Beasts
 23875 | Lair:6   | Found a staircase to the Slime Pits.
 23953 | Lair:6   | Reached XP level 14. HP: 18/111 MP: 26/26
 24318 | Lair:6   | Reached skill level 10 in Axes
 24318 | Lair:6   | Reached skill level 10 in Armour
 25841 | Lair:6   | Paralysed by a hornet for 2 turns
 26842 | D:12     | Noticed Sonja
 26861 | D:11     | Cast into level 2 of the Abyss (Sonja)
 26948 | D:11     | Escaped the Abyss
 27046 | D:11     | Killed Sonja
 27102 | D:12     | Got a vibrating wooden ring
 27445 | D:12     | Found a bloodstained altar of Trog.
 27917 | D:13     | Noticed an ironheart preserver
 27939 | D:13     | Killed an ironheart preserver
 27939 | D:13     | Reached skill level 10 in Dodging
 28070 | D:13     | Found a gate to the Vaults.
 28622 | D:14     | Reached XP level 15. HP: 26/119 MP: 19/28
 28845 | D:14     | Found a sacrificial altar of Ru.
 29482 | D:15     | Entered Level 15 of the Dungeon
 29626 | D:15     | Found a gate leading to a gauntlet.
 29630 | Gauntlet | Entered a Gauntlet
 29630 | Gauntlet | Found a transporter.
 29630 | Gauntlet | Found a transporter.
 29632 | Gauntlet | Found a transporter.
 29632 | Gauntlet | Found a transporter.
 29636 | Gauntlet | Found a transporter.
 29716 | Gauntlet | Found a transporter.
 29720 | Gauntlet | Found a transporter.
 29754 | Gauntlet | Found a transporter.
 29757 | Gauntlet | Found a transporter.
 29759 | Gauntlet | Found a transporter.
 29769 | Gauntlet | Found a runed translucent door.
 29772 | Gauntlet | Found a transporter.
 29787 | Gauntlet | Found a transporter.
 29795 | Gauntlet | Corrupted Gauntlet
 29795 | Gauntlet | Noticed an Executioner
 29993 | Gauntlet | Paralysed by a floating eye for 3 turns
 30002 | Gauntlet | Paralysed by a floating eye for 2 turns
 30072 | Gauntlet | Found a transporter.
 30073 | Gauntlet | Found a transporter.
 30383 | Gauntlet | Got a transparent helmet
 30526 | Gauntlet | Got a sparkling wooden ring
 30583 | Gauntlet | Gained mutation: You are extremely frail. (-30% HP) [a
                  | neqoxec]
 30589 | Gauntlet | Gained mutation: Your body sometimes deteriorates upon
                  | taking damage. [a neqoxec]
 30651 | Gauntlet | Reached skill level 10 in Short Blades
 30651 | Gauntlet | Reached skill level 10 in Long Blades
 30651 | Gauntlet | Reached skill level 10 in Maces & Flails
 30651 | Gauntlet | Reached skill level 10 in Polearms
 30651 | Gauntlet | Reached skill level 10 in Staves
 30651 | Gauntlet | Reached skill level 10 in Slings
 30651 | Gauntlet | Reached skill level 10 in Bows
 30651 | Gauntlet | Reached skill level 10 in Crossbows
 30651 | Gauntlet | Reached skill level 10 in Throwing
 30651 | Gauntlet | Reached skill level 10 in Stealth
 30651 | Gauntlet | Reached skill level 10 in Shields
 30651 | Gauntlet | Reached skill level 10 in Unarmed Combat
 30651 | Gauntlet | Reached skill level 10 in Spellcasting
 30651 | Gauntlet | Reached skill level 10 in Evocations
 31188 | D:14     | Identified the +0 helmet of Burning Life {Harm rElec} (You
                  | found it in a Gauntlet)
 31192 | D:14     | Identified the ring "Ekoqad" {MR- Str+4 Int+6 Dex+6} (You
                  | found it in a Gauntlet)
 31225 | D:14     | Identified the ring of Doex {rElec rC+ MR+++ Str-4 Int+6}
                  | (You found it on level 12 of the Dungeon)
 31983 | D:15     | Killed from afar by a meliai

Illustrated notes

Levels and vault maps discovered:
D:1:      dpeg_arrival_pond, layout_loops_ring, minmay_statues_item,
          chequers_serial_rivers_room_a, minmay_split_cup_large
D:2:      layout_basic
D:3:      layout_basic, minmay_shallow_snake_nest
D:4:      layout_gridville, kennysheep_little_box,
          nicolae_overflow_crystal_walls
D:5:      layout_cave_pods, old_standard_altar, old_standard_altar,
          serial_column_ruins, column_ruins_hut, column_ruins_columns_corner,
          column_ruins_open_tiny, column_ruins_open_tiny,
          column_ruins_open_tiny, column_ruins_grid_1,
          column_ruins_corridor_straight, column_ruins_columns_water,
          gammafunk_ghost_necromancy, serial_shops,
          nicolae_shop_competitors_out_of_business, minivault_27
D:6:      layout_basic, minmay_temple_entry_purple_smoke, trog_wizard
D:7:      wad_lake_hut, layout_basic, serial_undead, serial_undead_e,
          serial_undead_d, serial_undead_d, serial_undead_e, serial_undead_b,
          serial_undead_f
D:8:      layout_layer_cave, nicolae_overflow_hidden_temple,
          minmay_shop_damaged, kennysheep_boxes, uniq_erica
D:9:      layout_basic, overflow_temple_1_default,
          nemelex_xobeh_ov_fountains_minmay
D:10:     layout_loops_ring, erik_orc_2
D:11:     layout_loops_ring, erik_lair_island, basic_altar, enter_trove_1
D:12:     layout_long_grid, basic_altar, uniq_sonja
D:13:     layout_basic, skrybe_vaults_entry_preservation
D:14:     layout_loops_ring, nicolae_ru_sacrificial_ziggurat,
          minmay_fountain_box
D:15:     grunt_enter_depths_hoard, layout_basic, gauntlet_entry_generic
Lair:1:   layout_misc_corridors
Lair:2:   layout_chaotic_city, minmay_shoals_entry_centaurs, dummy_snake_entry,
          st_stairs_5, beast_lair_carwin_7, lemuel_fruit_fields
Lair:3:   layout_roguey
Lair:4:   layout_loops_ring
Lair:5:   layout_misc_corridors, basic_altar
Lair:6:   hangedman_lair_tendril_chambers, layout_cave_shapes,
          minmay_slime_entry_jelly_boxes, serial_bayou_crossing

Skill      XL: |  1  2  3  4  5  6  7  8  9 10 11 12 13 14 15 |
---------------+----------------------------------------------+-----
Short Blades   | 1 2 3 4 5 6 7 8 9 10 | 10.2
Long Blades    | 1 2 3 4 5 6 7 8 9 10 | 10.2
Maces & Flails | 1 2 3 4 5 6 7 8 9 10 | 10.2
Polearms       | 1 2 3 4 5 6 7 8 9 10 | 10.2
Staves         | 1 2 3 4 5 6 7 8 9 10 | 10.2
Slings         | 1 2 3 4 5 6 7 8 9 10 | 10.2
Bows           | 1 2 3 4 5 6 7 8 9 10 | 10.2
Crossbows      | 1 2 3 4 5 6 7 8 9 10 | 10.2
Throwing       | 1 2 3 4 5 6 7 8 9 10 | 10.2
Stealth        | 1 2 3 4 5 6 7 8 9 10 | 10.2
Shields        | 1 2 3 4 5 6 7 8 9 10 | 10.2
Unarmed Combat | 1 2 3 4 5 6 7 8 9 10 | 10.2
Spellcasting   | 1 2 3 4 5 6 7 8 9 10 | 10.2
Evocations     | 1 2 3 4 5 6 7 8 9 10 | 10.2
Conjurations   | 1 2 3 4 5 6 7 8 |  8.6
Hexes          | 1 2 3 4 5 6 7 8 |  8.6
Summonings     | 1 2 3 4 5 6 7 8 |  8.6
Necromancy     | 1 2 3 4 5 6 7 8 |  8.6
Translocations | 1 2 3 4 5 6 7 8 |  8.6
Transmutations | 1 2 3 4 5 6 7 8 |  8.6
Fire Magic     | 1 2 3 4 5 6 7 8 |  8.6
Ice Magic      | 1 2 3 4 5 6 7 8 |  8.6
Air Magic      | 1 2 3 4 5 6 7 8 |  8.6
Earth Magic    | 1 2 3 4 5 6 7 8 |  8.6
Poison Magic   | 1 2 3 4 5 6 7 8 |  8.6
Dodging        | 3 4 5 6 7 8 9 10 | 10.5
Invocations    | 5 6 7 8 9 10 11 | 11.9
Axes           | 5 6 7 8 9 10 11 | 11.1
Armour         | 5 6 7 8 9 10 11 | 11.1
Fighting       | 7 8 9 10 11 | 11.9

Action                   |  1- 3 |  4- 6 |  7- 9 | 10-12 | 13-15 || total
-------------------------+-------+-------+-------+-------+-------++-------
Melee: Hand axe          |    78 |   223 |   253 |       |       ||   554
       Bite              |     5 |    20 |    71 |   146 |   284 ||   526
       Flail             |       |       |   230 |  1146 |  1891 ||  3267
Throw: Boomerang         |       |       |     4 |    17 |       ||    21
       Javelin           |       |       |       |       |     7 ||     7
Invok: Depart the Abyss  |     1 |       |       |       |     1 ||     2
       Banish            |       |       |     7 |     4 |     5 ||    16
       Bend Space        |       |       |       |     1 |     8 ||     9
       Corrupt           |       |       |       |       |     1 ||     1
Evoke: Wand              |       |     3 |       |       |     1 ||     4
  Use: Scroll            |     5 |     5 |     6 |    19 |    27 ||    62
       Potion            |       |       |     1 |     1 |    11 ||    13
 Stab: Sleeping          |     1 |       |       |       |     1 ||     2
Armor: Leather armour    |    15 |       |       |       |       ||    15
       Scale mail        |    20 |    97 |     7 |       |       ||   124
       Chain mail        |       |       |   329 |   795 |  1082 ||  2206
Dodge: Dodged            |    80 |   143 |   159 |   677 |  1261 ||  2320
       Repelled          |       |       |       |     1 |    12 ||    13
Block: Kite shield       |       |       |   204 |   145 |       ||   349
       Buckler           |       |       |       |   454 |  1101 ||  1555

Table legend: (Time is in decaauts)
 A = Elapsed time spent in this place.
 B = Non-inter-level travel time spent in this place.
 C = Inter-level travel time spent in this place.
 D = Time resting spent in this place.
 E = Time spent auto-exploring this place.
 F = Levels seen in this place.
 G = Mean time per level.
                   A        B        C        D        E       F      G
               +--------+--------+--------+--------+--------+-----+--------+
         Total |  32196 |  31452 |    744 |   9696 |  13361 |  24 | 1341.5 |
       Dungeon |  20473 |  19967 |    506 |   5317 |   9637 |  15 | 1364.9 |
          Lair |  10498 |  10261 |    237 |   4083 |   3658 |   6 | 1749.7 |
         Abyss |    131 |    131 |      0 |     25 |     66 |   2 |   65.5 |
      Gauntlet |   1092 |   1092 |      0 |    271 |      0 |   1 | 1092.0 |
               +--------+--------+--------+--------+--------+-----+--------+

Top non-repeatable levels by time:
  Lair:5: 2113 daAuts
     D:9: 2090 daAuts
     D:8: 2078 daAuts
  Lair:2: 2032 daAuts
  Lair:6: 1892 daAuts
    D:11: 1859 daAuts
     D:5: 1707 daAuts
     D:7: 1683 daAuts
  Lair:3: 1646 daAuts
  Lair:1: 1552 daAuts
     D:1: 1367 daAuts
     D:6: 1345 daAuts
    D:12: 1286 daAuts
  Lair:4: 1261 daAuts
    D:15: 1196 daAuts
